 Dungeon Crawl Stone Soup version 0.31-a0-1589-g8f5e8aebd6 (webtiles) character file.

Game seed: 7788691197095978639

4575 grandjackal the Fighter (level 10, -1/86 HPs)
             Began as a Demonspawn Gladiator on Jan 6, 2024.
             Was an Initiate of Gozag.
             Slain by a sun demon (9 damage)
             ... summoned by a kobold demonologist
             ... in a bailey.
             The game lasted 00:06:43 (5935 turns).

grandjackal the Fighter (Demonspawn Gladiator)      Turns: 5935, Time: 00:06:43

Health: -1/86      AC: 18    Str: 18    XL:     10   Next: 18%
Magic:  10/10      EV:  8    Int: 10    God:    Gozag
Gold:   1130       SH:  0    Dex: 14    Spells: 9/9 levels left

rFire   + . .        i - +8 trident of the Octopus King {venom, rElec rPois}
rCold   + . .        (no shield)
rNeg    . . .        z - +2 chain mail {rF+}
rPois   +            c - +0 helmet
rElec   +            (no cloak)
rCorr   .            (no gloves)
SInv    .            o - +0 pair of boots
Will    .....        y - amulet of regeneration
Stlth   x              - ring of protection from cold
HPRegen 1.14/turn    (no ring)
MPRegen 0.12/turn

%: no passive effects
@: gold aura, sanguine armoured
A: claws 1, demonic guardian 2, sanguine armour 1, demonic magic 1
a: Renounce Religion, Potion Petition, Call Merchant, Bribe Branch


You were in a bailey.
You worshipped Gozag.
Gozag was most pleased with you.
You visited 1 branch of the dungeon, and saw 7 of its levels.
You also visited: Bailey.

You collected 1173 gold pieces.
You paid 43 gold pieces to Gozag.

Inventory:

Hand Weapons
 a - a +0 war axe
 i - the +8 trident of the Octopus King (weapon) {venom, rElec rPois}
   (You found it on level 2 of the Dungeon)

   rElec:     It insulates you from electricity.
   rPois:     It protects you from poison
 u - a +1 hand axe of flaming
Missiles
 d - 5 throwing nets (quivered)
 e - a javelin
Armour
 c - a +0 helmet (worn)
 g - a +0 ring mail
 o - a +0 pair of boots (worn)
 w - +0 swamp dragon scales
 z - a +2 chain mail of fire resistance (worn)
Jewellery
 r - a ring of ice
 s - an amulet of the acrobat
 x - a ring of protection from cold (left claw)
 y - an amulet of regeneration (around neck)
Scrolls
 b - 3 scrolls of vulnerability {unknown}
 f - 4 scrolls of identify {unknown}
 l - 2 scrolls of enchant weapon {unknown}
 m - a scroll of enchant armour {unknown}
 n - a scroll of poison {unknown}
 t - a scroll of blinking {unknown}
 v - a scroll of revelation {unknown}
Potions
 h - a potion of berserk rage {unknown}
 j - a potion of resistance {unknown}
 k - 2 potions of curing {unknown}
 p - 2 potions of enlightenment {unknown}
 q - a potion of mutation {unknown}


   Skills:
 + Level 10.7 Fighting
 - Level 3.0(6.7) Axes
 + Level 9.5(9.7) Polearms
 - Level 2.0 Throwing
 - Level 3.0 Dodging


You had 9 spell levels left.
You didn't know any spells.
Your spell library contained the following spells:

 Spells                   Type           Power      Damage    Failure   Level
 Shock                    Conj/Air       0%         1d3       99%         1
 Static Discharge         Conj/Air       0%         3-3/arc   99%         2
 Swiftness                Air            0%         N/A       100%        3
 Airstrike                Air            0%         2d(0-16)  100%        4
 Summon Lightning Spire   Summ/Air       0%         N/A       100%        4


Dungeon Overview and Level Annotations

Branches:
Dungeon (7/15)             Temple (0/1) D:5          Bailey (1/1)

Altars:
Ashenzari
Dithmenos
Gozag
Qazlal
Ru
Sif Muna


Innate Abilities, Weirdness & Mutations

You have sharp fingernails.
A demonic guardian rushes to your aid.
When seriously injured, your blood forms armour. (AC +6)
Spells you cast may paralyse adjacent enemies.


Message History

You kill the orc warrior!
The shadow imp hits you.
You hit the shadow imp.
The shadow imp is heavily wounded.
The crimson imp hits you but does no damage.
The shadow imp hits you but does no damage.
You barely miss the shadow imp.
The shadow imp is heavily wounded.
The crimson imp hits you but does no damage.
The shadow imp closely misses you.
The kobold demonologist gestures wildly while chanting.
You closely miss the shadow imp.
The shadow imp is heavily wounded.
The crimson imp barely misses you.
The shadow imp is distracted by your dazzling golden aura.
The shadow imp shouts!
You puncture the shadow imp!
You kill the shadow imp!
The shadow imp disappears in a puff of smoke!
The kobold demonologist casts a spell.
The sun demon shouts!
The sun demon hits you.
You are engulfed in flames.
You resist.
The crimson imp hits you but does no damage.
The kobold demonologist casts a spell.
The sun demon hits you but does no damage.
The sun demon hits you.
You are engulfed in flames.
You resist.
There is a large open door here.
Items here: $ )) [[.
The crimson imp hits you but does no damage.
The kobold demonologist attacks as it pursues you!
The kobold demonologist hits you with a +0 war axe.
Unknown command.
You hit the kobold demonologist.
The kobold demonologist is lightly wounded.
The crimson imp hits you but does no damage.
The sun demon hits you!!
* * * LOW HITPOINT WARNING * * *
A demonic guardian appears!
You are engulfed in flames!
You resist.
You die...
Your body crumbles into a pile of gold.

#≈≈≈≈≈######)).#####
#≈≈≈≈≈~.#...)..#
######.≈≈≈≈~.#......#
#......≈≈≈≈~.#''#####
#......≈≈≈≈~.#.....#
.............'.....#
..∩.........))..⌠..#
.............).3..4#
#......≈≈≈≈~.#45@..#
#......≈≈≈≈~.#'K#####
######.≈≈≈≈~.#.3.)..#
#≈≈≈≈≈~.#...)..#
#≈≈≈≈≈######...#############
#≈≈≈≈≈# #.8.8.8)).....#..
#≈≈≈≈≈# #...).).#.....'..
#≈≈≈≈≈# ###############..
#≈≈≈≈≈# ..


You could see 2 sun demons, a rust devil (summoned), a kobold demonologist, a
crimson imp (summoned) and a friendly rust devil (summoned).

Vanquished Creatures
  Pikel (D:6)
  An orc knight (Bailey)
  Maggie (D:6)
  Jeremiah (D:6)
  Grinder (D:3)
  A wyvern (D:6)
  A water moccasin (D:7)
  4 orc warriors (Bailey)
  A sky beast (D:7)
  2 ice beasts (D:6)
  A lemure (D:5)
  3 bullfrogs
  2 scorpions
  4 killer bees (D:7)
  An electric eel (Bailey)
  3 bombardier beetles
  A howler monkey (D:5)
  An orc priest (D:5)
  2 jellies
  A gnoll bouda (D:7)
  A sleepcap (D:6)
  Jessica (D:2)
  Terence (D:3)
  6 iguanas
  2 orc wizards
  19 gnolls
  13 adders
  2 ufetubi
  A ribbon worm (D:3)
  27 orcs
  9 ball pythons
  6 endoplasms
  3 giant cockroaches (D:1)
  9 goblins
  9 hobgoblins
  2 quokkas
  8 bats
  A frilled lizard (D:2)
  7 kobolds
  9 rats
169 creatures vanquished.

Vanquished Creatures (collateral kills)
  An orc knight (Bailey)
  An ogre (D:5)
  A gnoll (D:4)
  A goblin (Bailey)
  A kobold (D:3)
5 creatures vanquished.

Grand Total: 174 creatures vanquished

Notes
Turn   | Place    | Note
-------+----------+-------------------------------------------
     0 | D:1      | grandjackal the Demonspawn Gladiator began the quest for
                  | the Orb.
     0 | D:1      | Reached XP level 1. HP: 16/16 MP: 1/1
   148 | D:1      | Gained mutation: When seriously injured, your blood forms
                  | armour. (AC +6) [demonic ancestry]
   148 | D:1      | Reached XP level 2. HP: 22/22 MP: 2/2
   717 | D:2      | Found the +8 trident of the Octopus King {venom, rElec
                  | rPois}
   742 | D:2      | Noticed Jessica
   752 | D:2      | Killed Jessica
   753 | D:2      | Reached skill level 1 in Polearms
   753 | D:2      | Reached XP level 3. HP: 13/28 MP: 3/3
   835 | D:2      | Reached skill level 3 in Fighting
   835 | D:2      | Noticed a golden eye
   838 | D:2      | Gained mutation: A weak demonic guardian rushes to your
                  | aid. [demonic ancestry]
   838 | D:2      | Reached XP level 4. HP: 35/35 MP: 4/4
   840 | D:2      | Noticed a great orb of eyes
   842 | D:2      | Found a faded altar of an unknown god.
   844 | D:2      | Noticed an eye of devastation
   844 | D:2      | Noticed a golden eye
  1570 | D:3      | Found a stormy altar of Qazlal.
  1572 | D:3      | Found an opulent altar of Gozag.
  1572 | D:3      | Found a sacrificial altar of Ru.
  1609 | D:3      | Became a worshipper of Gozag Ym Sagoz the Greedy
  1783 | D:3      | Noticed Terence
  1798 | D:3      | Killed Terence
  1799 | D:3      | Reached XP level 5. HP: 41/42 MP: 5/5
  2024 | D:3      | Noticed Grinder
  2038 | D:3      | Killed Grinder
  2039 | D:3      | Reached skill level 4 in Fighting
  2039 | D:3      | Reached XP level 6. HP: 33/50 MP: 6/6
  2293 | D:4      | Found a broken altar of Ashenzari.
  2301 | D:4      | Reached skill level 5 in Fighting
  2815 | D:4      | Reached XP level 7. HP: 56/56 MP: 7/7
  2873 | D:5      | Entered Level 5 of the Dungeon
  3045 | D:5      | Reached skill level 6 in Fighting
  3235 | D:5      | Found a shadowy altar of Dithmenos.
  3236 | D:5      | Found a shimmering blue altar of Sif Muna.
  3339 | D:5      | Reached skill level 5 in Polearms
  3571 | D:5      | Found a staircase to the Ecumenical Temple.
  3889 | D:6      | Gained mutation: Spells you cast may paralyse adjacent
                  | enemies. [demonic ancestry]
  3889 | D:6      | Reached XP level 8. HP: 58/65 MP: 8/8
  3931 | D:6      | Noticed Pikel
  3932 | D:6      | Noticed Maggie
  3944 | D:6      | Reached skill level 7 in Fighting
  4146 | D:6      | Killed Pikel
  4147 | D:6      | Reached skill level 8 in Fighting
  4241 | D:6      | Killed Maggie
  4294 | D:6      | Gained mutation: A demonic guardian rushes to your aid.
                  | [demonic ancestry]
  4294 | D:6      | Reached XP level 9. HP: 28/75 MP: 9/9
  4751 | D:6      | Noticed Jeremiah
  4769 | D:6      | Killed Jeremiah
  4770 | D:6      | Reached skill level 9 in Fighting
  5087 | D:6      | Identified the +4 whip "Sarcophage" {venom, Str+4}
  5685 | D:7      | Found a flagged portal.
  5694 | Bailey   | Entered a bailey
  5762 | Bailey   | Reached skill level 10 in Fighting
  5801 | Bailey   | Noticed an orc knight
  5829 | Bailey   | Killed an orc knight
  5830 | Bailey   | Gained mutation: You have sharp fingernails. [demonic
                  | ancestry]
  5830 | Bailey   | Reached XP level 10. HP: 32/86 MP: 10/10
  5889 | Bailey   | Noticed an orc knight
  5921 | Bailey   | Killed an orc knight
  5933 | Bailey   | Noticed a sun demon
  5933 | Bailey   | Noticed a sun demon
  5934 | Bailey   | Noticed a rust devil
  5935 | Bailey   | Slain by a sun demon

Illustrated notes

Levels and vault maps discovered:
D:1:      heliophobic_arrival_henge, layout_loops_ring, bh_walls_and_bars
D:2:      layout_loops_ring, hellmonk_ecumenical_altar_watching_god,
          uniq_jessica
D:3:      layout_basic, minitemple, serial_bayou_pond_b,
          dreamdust_princess_bridge, uniq_grinder, uniq_terence
D:4:      layout_rooms, general_overflow_altar
D:5:      layout_basic, chequers_temple_overflow_statue_of_worship,
          minmay_temple_entry_enclosed_plants, serial_bayou_lake_a
D:6:      layout_basic, uniq_jeremiah, uniq_maggie, uniq_pikel
D:7:      layout_layer_cave, enter_bailey_6
Bailey:   bailey_axe_of_yendor_kennysheep, bailey

Skill      XL: |  1  2  3  4  5  6  7  8  9 |
---------------+----------------------------+-----
Throwing       | 2 |  2.0
Axes           | 3 |  3.0
Dodging        | 3 |  3.0
Polearms       | 1 2 3 4 5 7 9 |  9.5
Fighting       | 3 4 5 6 8 10 | 10.7

Action                     |  1- 3 |  4- 6 |  7- 9 | 10-12 || total
---------------------------+-------+-------+-------+-------++-------
  Melee: War axe           |    47 |       |       |       ||    47
         Trident           |    17 |   134 |   229 |    25 ||   405
         Punch             |       |     1 |     5 |     1 ||     7
   Stab: Distracted        |       |       |     2 |       ||     2
 Armour: Ring mail         |    31 |    54 |    31 |       ||   116
         Leather armour    |     6 |       |       |       ||     6
         Chain mail        |       |       |    48 |    30 ||    78
         Swamp dragon scal |       |       |    13 |       ||    13
  Dodge: Dodged            |    34 |    62 |    62 |    10 ||   168

Table legend: (Time is in decaauts)
 A = Elapsed time spent in this place.
 B = Non-inter-level travel time spent in this place.
 C = Inter-level travel time spent in this place.
 D = Time resting spent in this place.
 E = Time spent auto-exploring this place.
 F = Levels seen in this place.
 G = Mean time per level.
                   A        B        C        D        E       F      G
               +--------+--------+--------+--------+--------+-----+--------+
         Total |   5963 |   5695 |    268 |    562 |   3882 |   8 |  745.4 |
       Dungeon |   5734 |   5466 |    268 |    513 |   3861 |   7 |  819.1 |
        Bailey |    228 |    228 |      0 |     49 |     21 |   1 |  228.0 |
               +--------+--------+--------+--------+--------+-----+--------+

Top non-repeatable levels by time:
     D:6: 1461 daAuts
     D:5: 1084 daAuts
     D:3: 914 daAuts
     D:2: 704 daAuts
     D:1: 685 daAuts
     D:4: 605 daAuts
     D:7: 278 daAuts
  Bailey: 228 daAuts
